Cogmind - Beta 15 @@@ ROGUE MODE // 2025.06.18 @ 08:40:02 // Halloween2020/ForbiddenLore Player: Storm Mk9 Result: Destroyed by P6-47G(z) with Makeshift Spear Performance ------------- Evolutions (3) 1500 Regions Visited (11) 2200 Robots Destroyed (173) 865 Value Destroyed (5248) 5248 Prototype IDs (25) 500 Alien Tech Used (1) 200 Bonus (1211) 1211 TOTAL SCORE: 11724 Bonus ------- High Alert Combat Kills 301 Follower Combat Kills 70 Entered Garrisons 200 Used RIF Installer 500 Aligned with FarCom 300 Friendly Fire -160 Cogmind --------- Core Integrity 0/700 Matter 253/300 Energy 155/170 System Corruption 7% Temperature Cool (36) Movement Treading (400) Ox3 Location -7/Zion Parts ------- > --- POWER (1) -------- Makeshift Power Source > --- PROPULSION (3) --- Medium Treads > --- UTILITY (6) ------ Huge Storage Unit Improved Targeting Computer Core Analyzer > --- WEAPON (4) ------- Guided Plasma Cannon > --- INVENTORY (25) --- Makeshift Leg Makeshift Leg High-capacity Matter Pod (200) Compact Matter Pod (150) Hardened Heavy Armor Plating Makeshift Light Armor Plating Relay Coupler [NC] (27) Relay Coupler [NC] (25) Relay Coupler [Grunt] (31) Relay Coupler [Grunt] (27) Relay Coupler [Hunter] (12) Hacking Drone Bay Heavy Rocket Launcher Heavy Missile Launcher Long-range Missile Launcher Improved Datajack Remote Datajack Mining Laser Powered Hammer GAL Module Peak State ------------ > --- POWER ------------ Makeshift Power Source > --- PROPULSION ------- Light Treads Spiked Medium Treads Spiked Medium Treads > --- UTILITY ---------- Improved Heat Sink Improved Cooling System Huge Storage Unit Improved Targeting Computer Core Analyzer Phasing AFG > --- WEAPON ----------- High-powered Field Laser Makeshift Laser Gauss Rifle Heavy Battle Rifle > --- INVENTORY -------- Makeshift Power Source Light Fission Core VSS Leg Makeshift Leg Makeshift Leg Compact Matter Pod Improved Shock Absorption System Makeshift System Shield Relay Coupler [NC] Relay Coupler [NC] Relay Coupler [Grunt] Relay Coupler [Grunt] Relay Coupler [Hunter] Relay Coupler [Heavy] Hacking Drone Bay High-powered Field Laser Guided Plasma Cannon Makeshift Shrapnel Gun Assault Cannon Rocket Launcher Long-range Missile Launcher Improved Datajack Remote Datajack Mining Laser Powered Hammer [Rating: 69] Favorites ----------- Power Light Fission Core Engine Makeshift Power Source Power Core Light Fission Core Reactor Light Antimatter Reactor Propulsion Light Treads Treads Light Treads Leg Makeshift Leg Utility Huge Storage Unit Device Improved Heat Sink Storage Huge Storage Unit Processor Core Analyzer Hackware Relay Coupler [Sentry] Protection Hardened Medium Armor Plating Weapon High-powered Field Laser Energy Gun High-powered Field Laser Energy Cannon Guided Plasma Cannon Ballistic Gun Gauss Rifle Ballistic Cannon Assault Cannon Launcher Long-range Missile Launcher Special Weapon Enhanced Flamer Impact Weapon Powered Hammer Special Melee Weapon Improved Datajack Build | -11 -10 -10 -10 -9 -8 -8 -8 -7 -7 -7 -7 ------- Run | Yrd Mat Min Exi Min Mat Gar Mat Fac Low Low Zio Slots Evolved 6 | . . . . . 4 . . 2 . . . Power . | . . . . . . . . . . . . Propulsion 1 | . . . . . . . . 1 . . . Utility 4 | . . . . . 3 . . 1 . . . Weapon 1 | . . . . . 1 . . . . . . Parts Attached 110 | 7 4 2 . 4 8 22 6 11 5 4 37 Power 16 | 1 . 1 . . 1 3 . 2 . 1 7 Engine 9 | 1 . . . . . 1 . 1 . . 6 Core 6 | . . 1 . . 1 2 . 1 . 1 . Reactor 1 | . . . . . . . . . . . 1 Propulsion 26 | 2 . . . 2 . 7 2 4 1 . 8 Treads 24 | 2 . . . 2 . 7 2 4 1 . 6 Leg 2 | . . . . . . . . . . . 2 Wheel . | . . . . . . . . . . . . Hover . | . . . . . . . . . . . . Flight . | . . . . . . . . . . . . Utility 31 | 2 1 . . 1 4 4 3 3 1 1 11 Device 13 | 1 . . . . 1 3 1 2 . . 5 Storage 3 | 1 . . . 1 . . . . . . 1 Processor 3 | . . . . . 1 1 . . . . 1 Hackware 1 | . . . . . . . 1 . . . . Protection 11 | . 1 . . . 2 . 1 1 1 1 4 Artifact . | . . . . . . . . . . . . Weapon 37 | 2 3 1 . 1 3 8 1 2 3 2 11 Energy Gun 13 | 1 1 . . . 1 3 . 2 . 1 4 Energy Cannon 1 | . . . . . . . . . . . 1 Ballistic Gun 15 | 1 1 1 . 1 . 3 1 . . 1 6 Ballistic Cannon 1 | . . . . . . . . . 1 . . Launcher 1 | . . . . . . . . . 1 . . Special Weapon 2 | . . . . . 2 . . . . . . Impact Weapon 1 | . . . . . . 1 . . . . . Slashing Weapon . | . . . . . . . . . . . . Piercing Weapon . | . . . . . . . . . . . . Special Melee Weapon 3 | . 1 . . . . 1 . . 1 . . Unidentified Prototypes 3 | . . . . . . . . 1 1 . 1 Parts Lost 58 | . 1 1 . . 1 16 1 1 4 2 31 Power 10 | . . . . . 1 2 . 1 . . 6 Propulsion 16 | . . 1 . . . 5 . . 2 . 8 Utility 13 | . . . . . . 4 1 . 1 1 6 Weapon 19 | . 1 . . . . 5 . . 1 1 11 Highest Loss Streak 10 | . 1 1 . . 1 8 1 1 4 1 10 To Critical Strikes 1 | . . . . . . 1 . . . . . Average Backups 20 | 1 6 8 8 8 10 23 24 24 24 23 23 Power 1 | . 1 1 1 1 1 1 2 1 1 1 2 Propulsion 2 | . . . . . 1 2 3 2 1 . 2 Utility 7 | . 3 4 4 2 2 6 8 9 10 10 9 Weapon 7 | 1 1 2 2 2 3 10 10 9 8 9 7 Tool/Special . | . . . . . . . . . . . . Unused Backups 33 | . 1 1 . 1 1 5 2 4 . . 18 Power 3 | . . . . . . 2 . . . . 1 Propulsion 5 | . . . . . . . . 3 . . 2 Utility 15 | . 1 . . 1 1 1 . . . . 11 Weapon 9 | . . 1 . . . 2 2 1 . . 3 Tool/Special 1 | . . . . . . . . . . . 1 Average Slot Usage (%) 97 | . 100 97 85 99 96 97 100 99 99 99 97 Engine 4 | . 14 3 . . . 4 . . 3 2 6 Core 4 | . . 10 14 14 9 4 9 6 3 4 . Treads 20 | . 28 25 14 27 18 17 18 23 21 21 19 Device 13 | . 12 14 14 14 15 16 7 14 14 14 12 Storage 8 | . 14 14 14 14 9 9 9 7 7 7 7 Processor 11 | . . . . . 7 15 18 15 14 14 12 Protection 5 | . 1 . . . 8 1 8 7 7 7 7 Energy Gun 14 | . 14 14 14 14 10 16 14 14 14 13 13 Ballistic Gun 11 | . 14 14 14 14 9 8 12 7 9 13 13 Peak Build Rating 69 | 7 7 9 9 12 25 37 42 63 67 59 69 Average Rating 41 | 4 7 8 8 11 22 32 38 54 63 57 56 On Entrance 26 | . 7 7 8 9 12 23 37 40 63 58 57 Naked Turns . | . . . . . . . . . . . . Heaviest Build 128 | 13 15 14 15 91 101 104 106 116 123 122 128 Greatest Support 86 | 40 40 40 20 40 40 40 45 82 82 73 86 Greatest Overweight (x) 29 | . . . . 2 2 2 2 1 1 1 29 Average Overweight (x) 1 | . . . . . 2 2 2 1 1 1 1 Largest Inventory Capacity 25 | 8 8 8 8 25 25 25 25 25 25 25 25 Average Capacity 22 | 6 8 8 8 11 25 25 25 25 25 25 25 Most Carried 25 | 4 8 8 8 9 15 25 25 25 25 25 25 Average Carried 20 | 1 6 8 7 8 10 23 24 24 24 23 24 Final Capacity 25 | 8 8 8 8 25 25 25 25 25 25 25 25 Final Carried 25 | 2 8 8 8 9 15 25 24 25 24 24 21 Class Distribution -------------------- 39% | Bothacker-Gunner 22% | Scavenger-Gunner 10% | Mutant 9% | Scavenger-Skirmisher 6% | Bothacker-Mutant 5% | Derelict-Gunner 4% | Scavenger-Mutant Dominant Class ---------------- Mutant | -10/Materials Mutant | -10/Mines Mutant | -10/Exiles Scavenger-Mutant | -9/Mines Scavenger-Skirmisher | -8/Materials Bothacker-Gunner | -8/Garrison Bothacker-Gunner | -8/Materials Bothacker-Gunner | -7/Factory Bothacker-Gunner | -7/Lower Caves Bothacker-Gunner | -7/Lower Caves Scavenger-Gunner | -7/Zion Resources | -11 -10 -10 -10 -9 -8 -8 -8 -7 -7 -7 -7 ----------- Run | Yrd Mat Min Exi Min Mat Gar Mat Fac Low Low Zio Matter Collected 4656 | 266 324 45 . 76 327 492 242 257 280 147 2200 Remotely . | . . . . . . . . . . . . Salvage Created 6222 | 46 437 105 . 130 455 1018 374 527 395 141 2594 Parts 429 | 5 23 12 . 5 26 50 20 26 14 12 236 Haulers Intercepted 2 | . 1 . . . . . 1 . . . . Recyclers Shooed 1 | . . . . 1 . . . . . . . Parts Field Recycled . | . . . . . . . . . . . . Retrieved Matter . | . . . . . . . . . . . . Parts Self-Destructed 28 | . . . . . . . . . 13 12 3 Prevented . | . . . . . . . . . . . . Kills | -11 -10 -10 -10 -9 -8 -8 -8 -7 -7 -7 -7 ------- Run | Yrd Mat Min Exi Min Mat Gar Mat Fac Low Low Zio Combat Hostiles Destroyed 99 | . 12 4 . 1 12 27 8 10 10 5 10 Melee 1 | . . . . . . 1 . . . . . Guns 92 | . 12 4 . 1 11 25 8 10 6 5 10 Cannons 3 | . . . . . 1 1 . . 1 . . AOE 3 | . . . . . . . . . 3 . . Classes Destroyed 19 | 1 4 . . 1 1 3 1 1 2 . 5 Worker 3 | . . . . . . . . 3 . . . Builder 1 | . 1 . . . . . . . . . . Tunneler 2 | 2 . . . . . . . . . . . Hauler 2 | . 1 . . . . . 1 . . . . Recycler 1 | . . . . 1 . . . . . . . Watcher 3 | . . . . . . 2 1 . . . . Swarmer 31 | . 3 4 . . 4 8 2 3 3 4 . Grunt 37 | . 9 1 . 1 4 9 5 3 5 . . Brawler 1 | . . . . . . . . . 1 . . Duelist 1 | . . . . . . . 1 . . . . Sentry 11 | . . . . . 4 6 . 1 . . . Hunter 3 | . . . . . . 3 . . . . . Programmer 5 | . . . . . . 1 . 3 . 1 . Behemoth 1 | . . . . . . . . . 1 . . Explorer 1 | . . . . . . . . . . . 1 Zionite 113 | . . . . . . . . . . . 113 Tinkerer 1 | . . . . . . . . . . . 1 Thug 1 | . . . . . . . . 1 . . . Savage 1 | . . . . . . . . . . . 1 Martyr 1 | . . . . . . . . . . . 1 Marauder 2 | . . . . . . . . . . . 2 Mutant 5 | . . . . . . . . . . . 5 Best Kill Streak 7 | 2 4 3 . 1 5 7 4 4 4 4 7 Combat Bots Only 7 | . 3 3 . 1 5 7 4 3 4 4 1 Max Kills in Single Turn 3 | 1 1 2 . 1 2 2 1 2 2 2 3 Gunslinging 1 | . . . . . . 1 . . 1 1 1 Exploded 1 | . . . . . . . . . 1 . . Melee 1 | . . . . . . 1 . . . . . Uniques/NPCs Destroyed . | . . . . . . . . . . . . Combat | -11 -10 -10 -10 -9 -8 -8 -8 -7 -7 -7 -7 -------- Run | Yrd Mat Min Exi Min Mat Gar Mat Fac Low Low Zio Hostile Shots Fired 863 | . 45 12 . 8 44 212 27 96 96 29 294 Missed 244 | . 10 3 . 5 8 57 7 39 27 6 82 Hits 619 | . 35 9 . 3 36 155 20 57 69 23 212 Melee 44 | . . . . . . . . . . . 44 Projectile 575 | . 35 9 . 3 36 155 20 57 69 23 168 AOE 5 | . . . . . . . . . . . 5 Critical Strikes 25 | . . . . . 1 4 . 1 1 . 18 Part Disruptions 2 | . . . . . . . . . . . 2 Damage Taken 9621 | . 555 72 . 44 511 1758 264 692 1295 331 4099 Core 1248 | . 148 17 . 13 28 291 34 54 70 43 550 Absorbed by Shields 561 | . . . . . . 97 . 192 204 . 68 Ignored by Resistances 128 | . . . . . . . . . 89 . 39 Core Remaining (%) 54 | 100 . . . 28 . . 35 . . . . Volleys Fired 443 | 3 43 5 . 8 34 71 19 27 21 11 201 Largest 4 | 2 2 2 . 2 3 3 3 3 4 4 4 Hottest 202 | 70 70 70 . 73 168 173 156 168 202 186 194 Shots Fired 1306 | 6 85 9 . 16 82 186 51 73 63 36 699 Gun 1281 | 6 85 9 . 16 66 182 51 73 59 36 698 Cannon 2 | . . . . . . . . . 1 . 1 Launcher 3 | . . . . . . . . . 3 . . Special 20 | . . . . . 16 4 . . . . . Kinetic 594 | 3 43 5 . 8 24 62 31 27 23 22 346 Thermal 709 | 3 42 4 . 8 58 124 20 46 37 14 353 Explosive 3 | . . . . . . . . . 3 . . Electromagnetic . | . . . . . . . . . . . . Robot Hit Streak 24 | 3 9 4 . 5 15 24 8 16 21 4 18 Robot Miss Streak 5 | 2 3 1 . 3 2 3 2 2 3 5 4 Penetration Max 1 | . . . . . . 1 1 . . . 1 Secondary Targets 26 | . . 1 . . 2 3 2 1 3 3 11 Max Gunslinging Chain 2 | . . 1 . . 1 1 1 1 2 2 2 Shots Hit Robots 809 | 3 61 6 . 8 54 125 38 56 49 17 392 Core Hits 339 | 2 27 5 . 4 23 51 17 23 21 7 159 Critical Kills 2 | 1 . . . . . 1 . . . . . Critical Parts Destroyed 5 | . . . . . . 1 . . . . 4 Critical Strikes 47 | 1 4 1 . . 3 8 1 2 3 1 23 Burn 40 | . 4 1 . . 3 6 1 2 3 1 19 Destroy 6 | 1 . . . . . 1 . . . . 4 Smash 1 | . . . . . . 1 . . . . . Melee Attacks 44 | . 2 . . . . 10 3 . 5 . 24 Impact 35 | . . . . . . 8 2 . 1 . 24 Slashing . | . . . . . . . . . . . . Piercing 4 | . . . . . . . . . 4 . . Sneak Attacks 2 | . . . . . . 2 . . . . . Combat Hostiles 2 | . . . . . . 2 . . . . . Follow-up Attacks . | . . . . . . . . . . . . Damage Inflicted 15590 | 63 990 61 . 129 766 2133 759 1515 1507 346 7321 Guns 14362 | 63 743 61 . 129 731 2028 759 1341 917 346 7244 Cannons 59 | . . . . . . . . . 27 . 32 Explosions 974 | . 247 . . . . . . 174 553 . . Melee 104 | . . . . . . 57 . . 10 . 37 Ramming 10 | . . . . . . 2 . . . . 8 Kinetic 6269 | 26 358 37 . 80 262 775 507 438 266 175 3345 Thermal 8654 | 37 632 24 . 49 504 1299 252 1077 678 171 3931 Explosive 553 | . . . . . . . . . 553 . . Electromagnetic . | . . . . . . . . . . . . Impact 94 | . . . . . . 57 . . . . 37 Slashing . | . . . . . . . . . . . . Piercing 10 | . . . . . . . . . 10 . . Highest Corruption 7 | . . . . . . 1 1 3 3 5 7 Average Corruption 3 | . . . . . . 1 1 1 3 4 6 Corruption Purged . | . . . . . . . . . . . . Corruption Blocked . | . . . . . . . . . . . . Effects 229 | . . . . . . 23 5 3 17 11 170 Message Errors 60 | . . . . . . 7 . 1 4 6 42 Matter Fused 62 | . . . . . . 4 3 1 5 1 48 Heat Flow Errors 28 | . . . . . . 5 . 1 1 1 20 Energy Discharges 12 | . . . . . . . . . 3 . 9 Parts Rejected 1 | . . . . . . . . . . 1 . Parts Fused 2 | . . . . . . . . . . . 2 Data Loss (minor) 27 | . . . . . . 3 1 . 1 . 22 Data Loss (major) 12 | . . . . . . 2 . . 1 1 8 Misfires 13 | . . . . . . 1 . . 1 1 10 Alerts 5 | . . . . . . 1 1 . 1 . 2 Weapon Failures 7 | . . . . . . . . . . . 7 Overload Shots . | . . . . . . . . . . . . Overflow Damage 204 | . 92 . . . 2 57 . 50 3 . . Projectiles 2 | . . . . . 2 . . . . . . Explosions 145 | . 92 . . . . . . 50 3 . . Melee 57 | . . . . . . 57 . . . . . Knockbacks 1 | . . . . . . . . . . . 1 Impact 1 | . . . . . . . . . . . 1 Kinetic . | . . . . . . . . . . . . Secondary . | . . . . . . . . . . . . Self-Inflicted Damage 438 | . 143 . . . . . . 295 . . . Shots 7 | . 2 . . . . . . 5 . . . Rammed 1 | . . . . . . . . . . . 1 Targets Rammed 2 | . . . . . . 1 . . . . 1 Kicked . | . . . . . . . . . . . . Crushed 1 | . . . . . . 1 . . . . . Highest Temperature 458 | 18 169 68 . 101 253 311 458 315 406 184 356 Average Temperature 83 | 9 59 31 . 39 108 99 152 127 108 61 53 Received Heat Transfer 1562 | . 207 . . 27 189 485 108 57 233 . 256 Effects 11 | . . . . . . . 6 . 1 . 4 Shutdowns 2 | . . . . . . . 1 . 1 . . Energy Bleed 1 | . . . . . . . . . . . 1 Interference 7 | . . . . . . . 4 . . . 3 Short Circuit 1 | . . . . . . . 1 . . . . Siege Activations . | . . . . . . . . . . . . Martial Activations . | . . . . . . . . . . . . Shielding Activations . | . . . . . . . . . . . . Robots Disrupted . | . . . . . . . . . . . . Combat Hostiles . | . . . . . . . . . . . . Robots Corrupted . | . . . . . . . . . . . . Combat Hostiles . | . . . . . . . . . . . . Parts Fried 1 | . . . . . . 1 . . . . . Impact Corruptions 1 | . . . . . . 1 . . . . . Robots Melted . | . . . . . . . . . . . . Combat Hostiles . | . . . . . . . . . . . . Parts Melted 30 | . 2 . . . 3 9 1 6 . . 9 Heat Transferred 20171 | 111 1643 148 . 148 1720 3650 629 1617 1295 370 8840 Parts Sabotaged . | . . . . . . . . . . . . Parts Stolen . | . . . . . . . . . . . . Parts Stripped . | . . . . . . . . . . . . Power Chain Reactions . | . . . . . . . . . . . . Alert | -11 -10 -10 -10 -9 -8 -8 -8 -7 -7 -7 -7 ------- Run | Yrd Mat Min Exi Min Mat Gar Mat Fac Low Low Zio Maximum Alert Level 5 | . . . . . . 5 3 1 . . . Low Security (%) 48 | 100 100 100 . 100 100 17 . 56 . . . Level 1 13 | . . . . . . 14 . 43 . . . Level 2 16 | . . . . . . 24 53 . . . . Level 3 10 | . . . . . . 11 46 . . . . Level 4 5 | . . . . . . 15 . . . . . Level 5 5 | . . . . . . 16 . . . . . High Security . | . . . . . . . . . . . . Max Security . | . . . . . . . . . . . . Peak Influence 2190 | 10 134 138 . 45 152 2190 1067 313 . . . Initial 1067 | . . 31 . . . 97 1067 273 . . . Average 453 | . 36 96 . 3 12 856 792 142 . . . Influence Increases 4322 | 10 389 231 . 58 313 2253 230 498 220 120 . Destroy 0b10 Robot/C 1900 | . 240 180 . 40 240 540 160 200 200 100 . Destroy 0b10 Robot/NC 60 | 10 10 . . 5 . 10 10 15 . . . Destroy Leader 306 | . 52 30 . 10 60 20 34 60 20 20 . Allied During Kill 24 | . . 21 . 3 . . . . . . . Successful Hack 69 | . 6 . . . 4 16 7 36 . . . Disable Machine 195 | . 30 . . . . . 15 150 . . . Anti-Garrison Action 1550 | . . . . . . 1550 . . . . . Destroy Structure 128 | . 36 . . . 9 42 4 37 . . . Lose Combat Pursuer 90 | . 15 . . . . 75 . . . . . Influence Decreases 4322 | 10 309 199 112 58 163 213 1817 792 529 120 . Entered New Map 1782 | . . 49 112 . . 53 1123 330 115 . . Time Decay 2090 | 10 299 120 . 58 153 . 514 452 374 110 . Lost Part 260 | . 10 10 . . 10 160 10 10 40 10 . Lost Ally 40 | . . 20 . . . . 20 . . . . Purge Threat 150 | . . . . . . . 150 . . . . Squads Dispatched 15 | . 3 . . . 4 . 2 6 . . . Investigation 2 | . 1 . . . . . . 1 . . . Extermination 3 | . . . . . . . . 3 . . . Reinforcement 5 | . 2 . . . 1 . 1 1 . . . Assault 1 | . . . . . . . 1 . . . . Garrison 4 | . . . . . 3 . . 1 . . . Intercept . | . . . . . . . . . . . . Searches Triggered . | . . . . . . . . . . . . Construction Impeded . | . . . . . . . . . . . . Haulers Reinforced . | . . . . . . . . . . . . Active Scanning Responses . | . . . . . . . . . . . . Cargo Convoy Interrupts . | . . . . . . . . . . . . Stealth | -11 -10 -10 -10 -9 -8 -8 -8 -7 -7 -7 -7 --------- Run | Yrd Mat Min Exi Min Mat Gar Mat Fac Low Low Zio Distress Signals 6 | . 2 . . . 1 1 1 1 . . . Communications Jammed . | . . . . . . . . . . . . Distress Signals . | . . . . . . . . . . . . Times Spotted 258 | . 23 9 . 2 13 42 11 15 12 5 126 Peak Tracking Total 8 | . 3 3 . 2 4 8 4 4 4 4 5 Tactical Retreats 10 | . 1 . . . . 5 . . . . 4 Traps | -11 -10 -10 -10 -9 -8 -8 -8 -7 -7 -7 -7 ------- Run | Yrd Mat Min Exi Min Mat Gar Mat Fac Low Low Zio Traps Triggered 7 | . 1 . . . . 5 . 1 . . . Indirectly . | . . . . . . . . . . . . Trap Hack Attempts . | . . . . . . . . . . . . Triggered . | . . . . . . . . . . . . Disarmed . | . . . . . . . . . . . . Reprogrammed . | . . . . . . . . . . . . Reused . | . . . . . . . . . . . . Traps Extracted . | . . . . . . . . . . . . Installed . | . . . . . . . . . . . . Triggered . | . . . . . . . . . . . . Machines | -11 -10 -10 -10 -9 -8 -8 -8 -7 -7 -7 -7 ---------- Run | Yrd Mat Min Exi Min Mat Gar Mat Fac Low Low Zio Machines Disabled 17 | . 2 . . . . 3 1 10 . . 1 Max in Single Turn 9 | . 2 . . . . 1 1 9 . . 1 Garrison Relay 4 | . . . . . . 4 . . . . . Machines Repaired . | . . . . . . . . . . . . Machines Dismantled . | . . . . . . . . . . . . Machines Sabotaged . | . . . . . . . . . . . . Overloaded Fab Kills . | . . . . . . . . . . . . Hacking | -11 -10 -10 -10 -9 -8 -8 -8 -7 -7 -7 -7 --------- Run | Yrd Mat Min Exi Min Mat Gar Mat Fac Low Low Zio Machines Accessed 16 | . 4 . 2 . 1 3 2 2 1 1 . Terminals 9 | . 2 . . . . 3 2 1 . 1 . Fabricators 1 | . . . . . . . . 1 . . . Repair Stations . | . . . . . . . . . . . . Recycling Units 2 | . 2 . . . . . . . . . . Scanalyzers . | . . . . . . . . . . . . Garrison Access 1 | . . . . . 1 . . . . . . Total Hacks 36 | . 13 . 5 . 1 6 3 6 1 1 . Successful 19 | . 4 . 5 . 1 1 2 4 1 1 . Failed 17 | . 9 . . . . 5 1 2 . . . Catastrophic 4 | . 2 . . . . 1 . 1 . . . Database Lockouts . | . . . . . . . . . . . . Manual 17 | . 9 . 1 . . 2 . 5 . . . Terminals 21 | . 9 . . . . 6 3 2 . 1 . Fabricators 4 | . . . . . . . . 4 . . . Repair Stations . | . . . . . . . . . . . . Recycling Units 4 | . 4 . . . . . . . . . . Scanalyzers . | . . . . . . . . . . . . Garrison Access 1 | . . . . . 1 . . . . . . Terminal Hacks 11 | . 1 . 5 . . 1 2 . 1 1 . Record 5 | . . . 4 . . . . . . 1 . Robot Analysis 1 | . 1 . . . . . . . . . . Open Door 1 | . . . . . . . . . 1 . . Branch Access Points 1 | . . . . . . . 1 . . . . Unreport Threat 1 | . . . . . . . 1 . . . . Security Stations 1 | . . . . . . 1 . . . . . Proto ID Catalog 1 | . . . 1 . . . . . . . . Fabricator Hacks 1 | . . . . . . . . 1 . . . Build 1 | . . . . . . . . 1 . . . Repair Station Hacks . | . . . . . . . . . . . . Recycling Unit Hacks 2 | . 2 . . . . . . . . . . Retrieve Components 2 | . 2 . . . . . . . . . . Scanalyzer . | . . . . . . . . . . . . Garrison Access Hacks 1 | . . . . . 1 . . . . . . Unlock Access 1 | . . . . . 1 . . . . . . Unauthorized Hacks 4 | . 1 . . . . . . 3 . . . Terminals 2 | . 1 . . . . . . 1 . . . Botnet 2 | . 1 . . . . . . 1 . . . Fabricators 2 | . . . . . . . . 2 . . . Report 1 | . . . . . . . . 1 . . . Liberate 1 | . . . . . . . . 1 . . . Repair Stations . | . . . . . . . . . . . . Recycling Units . | . . . . . . . . . . . . Scanalyzers . | . . . . . . . . . . . . Garrison Access . | . . . . . . . . . . . . Data Cores Recovered . | . . . . . . . . . . . . Used . | . . . . . . . . . . . . Hacking Detections 11 | . 4 . . . 1 3 1 2 . . . Full Trace Events . | . . . . . . . . . . . . Feedback Events . | . . . . . . . . . . . . Feedback Blocked . | . . . . . . . . . . . . Robot Schematics Acquired . | . . . . . . . . . . . . Robots Built . | . . . . . . . . . . . . Authchips . | . . . . . . . . . . . . Time . | . . . . . . . . . . . . Total Robot Build Rating . | . . . . . . . . . . . . Part Schematics Acquired . | . . . . . . . . . . . . Parts Built 2 | . . . . . . . . 2 . . . Authchips . | . . . . . . . . . . . . Time 58 | . . . . . . . . 58 . . . Total Part Build Rating 14 | . . . . . . . . 14 . . . Parts Repaired . | . . . . . . . . . . . . Time . | . . . . . . . . . . . . Parts Recycled . | . . . . . . . . . . . . Recycled Matter . | . . . . . . . . . . . . Retrieved Matter . | . . . . . . . . . . . . Retrieved Components 5 | . 5 . . . . . . . . . . Parts Scanalyzed . | . . . . . . . . . . . . Part Schematics Acquired . | . . . . . . . . . . . . Parts Damaged . | . . . . . . . . . . . . Bothacking | -11 -10 -10 -10 -9 -8 -8 -8 -7 -7 -7 -7 ------------ Run | Yrd Mat Min Exi Min Mat Gar Mat Fac Low Low Zio Used RIF Installer 1 | . . . . . . 1 . . . . . Robots Hacked 2 | . 1 . . . . . 1 . . . . Non-combat 1 | . 1 . . . . . . . . . . Combat 1 | . . . . . . . 1 . . . . Robot Hacks Applied 2 | . 1 . . . . . 1 . . . . parse_system 1 | . 1 . . . . . . . . . . formatsys_high 1 | . . . . . . . 1 . . . . Relay Couplers Released 22 | . . . . . . 19 . 3 . . . Machine Destruction 16 | . . . . . . 16 . . . . . Programmers 6 | . . . . . . 3 . 3 . . . Attached 1 | . . . . . . . 1 . . . . Fabnet Peak Effective % . | . . . . . . . . . . . . Robots Rewired . | . . . . . . . . . . . . Allies Hacked . | . . . . . . . . . . . . Hacks Repelled . | . . . . . . . . . . . . Allies | -11 -10 -10 -10 -9 -8 -8 -8 -7 -7 -7 -7 -------- Run | Yrd Mat Min Exi Min Mat Gar Mat Fac Low Low Zio Total Allies 8 | . . 3 . . . . 1 3 1 . . Largest Group 3 | . . 3 1 1 1 . 1 3 1 . . Highest-Rated Group 81 | . . 40 16 16 16 . 15 48 81 . . Highest-Rated Ally 81 | . . 16 16 16 16 . 15 16 81 . . Total Orders . | . . . . . . . . . . . . Ally Attacks 22 | . . 9 . 7 5 . 1 . . . . Total Damage 274 | . . 103 . 83 59 . 29 . . . . Kills 6 | . . 5 . 1 . . . . . . . Allies Corrupted . | . . . . . . . . . . . . Allies Melted . | . . . . . . . . . . . . Intel | -11 -10 -10 -10 -9 -8 -8 -8 -7 -7 -7 -7 ------- Run | Yrd Mat Min Exi Min Mat Gar Mat Fac Low Low Zio Active Infowar (turns) 5638 | 1 1102 254 365 714 984 372 . . . . 1846 Seismic 5638 | 1 1102 254 365 714 984 372 . . . . 1846 Robot Analysis Total 1 | . 1 . . . . . . . . . . Derelict Logs Recovered 5 | . . . . 1 . . . . 1 1 2 Drone Launches . | . . . . . . . . . . . . Drone Recoveries . | . . . . . . . . . . . . Exploration | -11 -10 -10 -10 -9 -8 -8 -8 -7 -7 -7 -7 ------------- Run | Yrd Mat Min Exi Min Mat Gar Mat Fac Low Low Zio Turns Passed 17795 | 97 1197 254 365 714 984 3757 1405 1937 887 504 5694 Spaces Moved 6124 | 53 620 146 227 355 200 1066 379 708 336 194 1840 Core 12 | 11 . . . . . . . . . . 1 Treads 6112 | 42 620 146 227 355 200 1066 379 708 336 194 1839 Legs . | . . . . . . . . . . . . Wheels . | . . . . . . . . . . . . Hover . | . . . . . . . . . . . . Flight . | . . . . . . . . . . . . Fastest Speed 50 | 50 160 160 160 160 320 320 312 225 225 238 238 Average Speed 246 | 137 160 160 160 178 320 320 317 230 227 238 254 Slowest Speed 1500 | 160 160 160 160 320 320 320 320 235 238 238 1500 Overloaded Moves . | . . . . . . . . . . . . Propulsion Burnouts . | . . . . . . . . . . . . Robots Hopped 1 | . . . . . . . . 1 . . . Potential Cave-ins . | . . . . . . . . . . . . Cave-ins Triggered . | . . . . . . . . . . . . Exploration Rate (%) 50 | 4 91 38 61 89 11 76 41 20 53 36 89 Regions Visited 11 Branch Regions 6 Pre-discovered Areas 2 | . . . 1 . . . . . . 1 . Known Exits Taken 1 | . . . . . 1 . . . . . . Unknown Exits Taken 9 | 1 1 1 1 1 . . 1 1 1 1 . Scrap Searched 12 | . . 1 . 3 . . . . 3 1 4 Spaces Dug 13 | . . . . . 8 2 2 . 1 . . Terrain Destroyed 128 | . 38 . . . 10 3 2 36 38 1 . Melee 4 | . . . . . . 1 2 . 1 . . Projectile 14 | . . . . . 10 1 . . 2 1 . AOE 109 | . 38 . . . . . . 36 35 . . Terrain Rammed . | . . . . . . . . . . . . Walls Destroyed . | . . . . . . . . . . . . Machines Disabled . | . . . . . . . . . . . . Actions | -11 -10 -10 -10 -9 -8 -8 -8 -7 -7 -7 -7 --------- Run | Yrd Mat Min Exi Min Mat Gar Mat Fac Low Low Zio Total 7801 | 71 739 160 229 428 453 1254 542 961 413 213 2338 Wait 843 | . 57 6 . 49 193 25 120 196 34 1 162 Move 6112 | 52 619 145 226 354 200 1065 378 705 335 193 1840 Hop 1 | . . . . . . . . 1 . . . Pick Up 121 | 9 9 . 1 6 13 33 4 8 4 3 31 Fast Attach 19 | . . . . 1 . . 1 1 2 . 14 Attach 66 | 7 2 . . . 5 16 2 2 5 3 24 Detach . | . . . . . . . . . . . . Swap 74 | . 4 2 1 3 6 14 8 11 6 2 17 Drop 68 | . 3 2 1 7 2 11 7 10 1 . 24 Fire 443 | 3 43 5 . 8 34 71 19 27 21 11 201 Melee 44 | . 2 . . . . 10 3 . 5 . 24 Ram . | . . . . . . . . . . . . Kick . | . . . . . . . . . . . . Crush 2 | . . . . . . 1 . . . . 1 Escape Stasis 8 | . . . . . . 8 . . . . . Rewire . | . . . . . . . . . . . . Trap . | . . . . . . . . . . . . Miscellaneous . | . . . . . . . . . . . . Route ------- -11/Scrapyard -10/Materials (discovered 3 exits: [*Mat x2] / [*Min]) -10/Mines (discovered 2 exits: [*Mat] / *Exi) -10/Exiles -9/Mines -8/Materials -8/Garrison (discovered 3 exits: *Mat x3) -8/Materials -7/Factory (discovered 2 exits: [*Fac] / *Low) -7/Lower Caves -7/Lower Caves -7/Zion (discovered 2 exits: Dee / [*Pro]) History --------- Turn | Location | Event 5 | -11/Scrapyard | Discovered new exit (range 16) 98 | -11/Scrapyard | Entered Materials 308 | -10/Materials | Build established: Mutant 441 | -10/Materials | Discovered new exit (range 16) 1021 | -10/Materials | Core integrity fell below 50% 1125 | -10/Materials | Discovered new exit (range 16) 1271 | -10/Materials | Discovered new exit (range 15) 1295 | -10/Materials | Entered Mines 1305 | -10/Mines | Assisted by bots powering up and referring to "LRC-V3" 1403 | -10/Mines | Discovered new exit (range 10) 1482 | -10/Mines | Assembled infested the area 1541 | -10/Mines | Discovered new exit (range 5) 1549 | -10/Mines | Entered Exiles 1549 | -10/Exiles | Accompanied by 1 ally 1617 | -10/Exiles | Met EX-HEX 1668 | -10/Exiles | Met EX-BIN 1690 | -10/Exiles | Aligned with FarCom system 1692 | -10/Exiles | Given EX-Vault access code 1729 | -10/Exiles | Opened EX-Vault 1742 | -10/Exiles | Found Gui. Plasma Cannon 1778 | -10/Exiles | Warned to stay clear of 0b10 Research branches 1828 | -10/Exiles | Met EX-DEC 1837 | -10/Exiles | Learned location of Zion (-7) 1896 | -10/Exiles | Discovered new exit (range 14) 1914 | -10/Exiles | Left Exiles lab with Gui. Plasma Cannon 1914 | -10/Exiles | Entered Mines 1914 | -9/Mines | Accompanied by 1 ally 1916 | -9/Mines | Joined a pair of Derelicts in attacking an 0b10 outpost 2183 | -9/Mines | Learned Materials stockpile data 2251 | -9/Mines | Build established: Scavenger-Mutant 2320 | -9/Mines | Received a Rocket Launcher from a helpful Derelict 2411 | -9/Mines | Discovered new exit (range 16) 2496 | -9/Mines | A weapon hastily lodged in a ceiling crevice suddenly fell to the ground 2628 | -9/Mines | Entered Materials 2628 | -8/Materials | Accompanied by 1 ally 2628 | -8/Materials | Evolved 4 slots: Utility x3, Weapon x1 3174 | -8/Materials | Build established: Scavenger-Skirmisher 3612 | -8/Materials | Identified exit to Garrison 3612 | -8/Materials | Entered Garrison 3974 | -8/Garrison | Triggered checkpoint 3980 | -8/Garrison | Garrison Relay disabled 4027 | -8/Garrison | Lost 5 parts (1p2u2w) 4212 | -8/Garrison | Triggered checkpoint 4212 | -8/Garrison | Triggered checkpoint 4231 | -8/Garrison | Triggered checkpoint 4236 | -8/Garrison | Triggered checkpoint 4310 | -8/Garrison | Lost 8 parts (1p3n2u2w) 4315 | -8/Garrison | Destroyed 7 combat bots 4485 | -8/Garrison | Discovered new exit (range 14) 4586 | -8/Garrison | Core integrity fell below 50% 4728 | -8/Garrison | Triggered checkpoint 4802 | -8/Garrison | Garrison Relay disabled 4859 | -8/Garrison | Installed Relay Interface Framework 5021 | -8/Garrison | Build established: Scavenger-Gunner 5158 | -8/Garrison | Triggered checkpoint 5201 | -8/Garrison | Garrison Relay disabled 5313 | -8/Garrison | Discovered new exit (range 12) 5728 | -8/Garrison | Build established: Bothacker-Mutant 5986 | -8/Garrison | Discovered new exit (range 14) 6012 | -8/Garrison | Learned Materials security intel 6114 | -8/Garrison | Triggered checkpoint 6177 | -8/Garrison | Garrison Relay disabled 6411 | -8/Garrison | Build established: Bothacker-Gunner 7369 | -8/Garrison | Entered Materials 7636 | -8/Materials | Met 7R-MNS 8169 | -8/Materials | First assault squad dispatched 8727 | -8/Materials | Discovered new exit (range 15) 8774 | -8/Materials | Entered Factory 8774 | -7/Factory | Evolved 2 slots: Propulsion x1, Utility x1 8775 | -7/Factory | Caught up to 7R-MNS 9444 | -7/Factory | Allied Derelicts emerged from ambush trap array 9611 | -7/Factory | Discovered new exit (range 13) 9655 | -7/Factory | Garrison activated, responded to threat 9763 | -7/Factory | Fabricated Adv. Medium Treads (x2) 10451 | -7/Factory | Discovered new exit (range 15) 10711 | -7/Factory | Entered Lower Caves 10885 | -7/Lower Caves | Found Alien Artifact 10885 | -7/Lower Caves | Identified Core Expander 10885 | -7/Lower Caves | Installed Core Expander, added new Weapon slot 10962 | -7/Lower Caves | Learned Factory security intel 11293 | -7/Lower Caves | Spotted B-75 Beast 11428 | -7/Lower Caves | Destroyed B-75 Beast 11441 | -7/Lower Caves | Lost 4 parts (2n1u1w) 11540 | -7/Lower Caves | Discovered new exit (range 12) 11598 | -7/Lower Caves | Entered another Lower Caves area 11615 | -7/Lower Caves | Encountered a Warlord checkpoint 12088 | -7/Lower Caves | Discovered new exit (range 7) 12102 | -7/Lower Caves | Entered Zion 12155 | -7/Zion | Given the Hacking Drone Bay 12155 | -7/Zion | Found Prototype Device 12291 | -7/Zion | Discovered new exit (range 16) 12603 | -7/Zion | RIF detected upon attempting to enter Zion 12603 | -7/Zion | Attacked by Zionites 12603 | -7/Zion | Spotted 1Z-B4L(B) 12603 | -7/Zion | Spotted O0-92S(B) 12608 | -7/Zion | Destroyed O0-92S(B) 12663 | -7/Zion | Destroyed 1Z-B4L(B) 12683 | -7/Zion | Lost 5 parts (2p2n1u) 12801 | -7/Zion | Lost 8 parts (1p1n3u3w) 13260 | -7/Zion | Learned location of 1 exit from Proximity Caves 13305 | -7/Zion | Build established: Scavenger-Gunner 13890 | -7/Zion | Identified exit to Deep Caves 13915 | -7/Zion | Found Prototype Device 13915 | -7/Zion | Identified Phasing AFG 14211 | -7/Zion | Build established: Derelict-Gunner 14296 | -7/Zion | Core integrity fell below 50% 14780 | -7/Zion | Found GAL Module 15300 | -7/Zion | Build established: Scavenger-Gunner 17754 | -7/Zion | Core integrity fell below 20% 17796 | -7/Zion | Destroyed by P6-47G(z) with Makeshift Spear Last Messages --------------- 17756_ Slug penetrates Twisted Machinery. 17760_ Slug penetrates XW-COT(z). 61-YNU(z) bursts out of the Twisted Machinery. 17763_ G48U%81AYMO G8#NVUL2H9N 17763_ 61-YNU(z) pulls a Mak. Shrapnel Gun out of the Twisted Machinery. 17764_ Slug penetrates Twisted Machinery. 17766_ Slug penetrates XW-COT(z). 17768_ XW-COT(z) destroyed. 17769_ Mak. Leg destroyed. 17770_ 61-YNU(z) destroyed. 8G-DYJ(z) bursts out of the Twisted Machinery. 17787_ Acquired Med. Treads. 17789_ Acquired 26 matter. 17789_ 8G-DYJ(z) pulls a Mak. Spear out of the Twisted Machinery. P6-47G(z) bursts out of the Twisted Machinery. 17791_ Gauss Rifle destroyed. 17792_ L1T2OC<=13JJZMYYAD7BO 17793_ Critical hit (Impale). Map ----- +----------------------------------------------------+ | """"""" """ ""##????????????????????????#"#" | | " "" """ "##????????????????????????###" | | "" " "" ""#??????????????????????????## | | """ #!%/ # ""#??????????????????????????#" | | """ ## ## ""#??????????????????????????#" | | """ = =""##??????????????????????????#" | | """ = / %""##??????????????????????????## | | !% /= = """#???????????????????????????# | | / = = ""#???????????????????????????# | | =/ ""#???????????????????????????# | | /%= " * """#???????????????????????????? | | *" ! ""##???????????????????????????? | | "" """ ! ""##????????????????????????### | | """ "" " = ""#???????????????????##???#"" | | """""""""""" "##???????????####?###"##???## | | ""#"""#"""" ""###?????##?##""###"#""#####" | | " ""#"#""""" ! ""#"#?????#"##""""""""""#""##" | | " """""""" == """########""" """" """"" " | | " """"""" =% ""#"#""#"" "" """" % | | " ""%" """"" """ """"" * | | """ " z /%/* =%/ | | " """" """"" !=== *= | | " """" "###" !% =/!=/ * | | " """" ""### " " =%!%=" = """" | | " """" "##""""" " * ! "/ "" | | " """" ""###"""""* %%!@z" | | " """"" ""###"""" %="""" % | | """""""" "###""" "" """ "" | | #"#"" """"" """""" """ """" | | "##" """"" """""" """" """""""" | | ### """"" "" """" ""#"""""" | | ?# """" ""#" "" | | #"" * ""#"" " | | "" """ " """"""#"#"" | | #"" """#"" """""""#"##""" | | ###""""" ""###"" """#"#######""" | | ??#"##""" "" ""#?#"""" """ """##?????##"" | | ??##?##"" """""""###"""""""""" """##???????##"" | | ??????"" ##"####?####"#""#""""""#?????????""" | | ?????##" ""####???????"######"#####????????#### | | ??????"" """#"?????????##?????###???????????????# | | ??????#"""""###??????????????????????????????????? | | ??????#"##""#????????????????????????????????????? | | ???????#?????????????????????????????????????????? | | ?????????????????????????????????????????????????? | | ?????????????????????????????????????????????????? | | ?????????????????????????????????????????????????? | | ?????????????????????????????????????????????????? | | ?????????????????????????????????????????????????? | | ?????????????????????????????????????????????????? | +----------------------------------------------------+ Best States ------------- Heat Dissipation 75 Energy Generation 21 Energy Capacity 300 Matter Stores 478 Matter Capacity 500 Sight Range 16 Terrain Scan Density 10 Armor Coverage 375 Resistance: KI 30 Resistance: EX 50 Evasion (%) 40 Targeting Accuracy 8 Core Analysis 6 Recoil Reduction 3 Relay Coupler Types 1 Relay Coupler Value 24 Item Schematics ----------------- None Robot Schematics ------------------ None Fabricated ------------ Adv. Medium Treads | x2 | -7/Factory | Preloaded Repaired ---------- Nothing Alien Tech Used ----------------- Core Expander Achievements -------------- Monster Challenges ------------ None Game ------ Seed OvertunedFrostActivator Manual? 0 Play Time 02:06:18 Cumulative 66.5 hours Start 2025.06.17 @ 16:15:03 End 2025.06.18 @ 08:40:02 Sessions 3 Manual Loads 0 Difficulty Rogue Special Mode Halloween2020/ForbiddenLore Game No. 57 Rogue 38 Adventurer 0 Explorer 19 Win Type - Total 0 Types 0/0/0/0/0/0/0/0/0/0 Lore% 53 Gallery% 43 Achievement% 68 Wizard Run 0 Options --------- Layout 1 ASCII 0 Keyboard 0 Movement Mouse Keybinds 0 Fullscreen 2 Font 16/SmallcapsGlow Map View 50x40 Zoom Use 0% Tactical HUD 1 Map Filters NONE Filters NONE Steam SD RUN: fad25235-95d1-4569-88c3-184b849f9753